 Dungeon Crawl Stone Soup version 0.32-a0-995-gb4a59205af (webtiles) character file.

Game seed: 14521478713389630058

13486 packetloss the Cleaver (level 11, -11/95 HPs)
             Began as a Demigod Fighter on Apr 23, 2024.
             Mangled by a minotaur
             ... wielding a +0 long sword of protection
              (12 damage)
             ... in a Gauntlet.
             The game lasted 00:52:08 (16425 turns).

packetloss the Cleaver (Demigod Fighter)           Turns: 16425, Time: 00:52:08

Health: -11/95     AC: 18    Str: 29    XL:     11   Next: 48%
Magic:  14/14      EV: 11    Int: 12    God:
Gold:   764        SH:  6    Dex: 19    Spells: 7/10 levels left

rFire   . . .        a - +0 war axe
rCold   . . .        c - +0 buckler
rNeg    + . .        z - +0 chain mail
rPois   .            (no helmet)
rElec   .            f - +2 cloak {Will+}
rCorr   .            h - +0 pair of gloves
SInv    .            K - +1 pair of boots
Will    ++...        (no amulet) Stlth
                     r - +6 ring of intelligence
HPRegen 0.35/turn    i - ring of Hal Laih {Fly rN+ Int-4 Dex+6}
MPRegen 0.14/turn

%: no teleportation, clarity
@: mighty, flying, hasted, very quick
A: high MP 1, forlorn, divine attributes, clarity, shaggy fur 1
a: no special abilities


You were in a Gauntlet.
You visited 2 branches of the dungeon, and saw 12 of its levels.
You also visited: Gauntlet.

You collected 764 gold pieces.

Inventory:

Hand Weapons
 a - a +0 war axe (weapon)
 b - a +0 hand axe of venom
 w - a +0 dagger of venom
 x - a +1 scimitar of flaming
 M - a +0 war axe
 Q - a +5 battleaxe
 V - a +0 war axe
Missiles
 n - 28 poisoned darts (quivered)
 F - 10 boomerangs
 I - 4 curare-tipped darts
Armour
 c - a +0 buckler (worn)
 f - a +2 cloak of willpower (worn)
 h - a +0 pair of gloves (worn)
 z - a +0 chain mail (worn)
 G - a +0 kite shield
 K - a +1 pair of boots (worn)
 R - an orb of energy
 S - a +0 robe of resistance
Magical Staves
 v - a staff of earth
Jewellery
 i - the ring of Hal Laih (right hand) {Fly rN+ Int-4 Dex+6}
   (You found it in a Gauntlet)

   [ring of dexterity]

   Int-4:     It affects your intelligence (-4).
   Dex+6:     It affects your dexterity (+6).
   rN+:       It protects you from negative energy.
   Fly:       It grants you flight.
 j - a ring of positive energy
 l - the amulet of Qywn {Reflect Harm Int+3 SH+5}
   (You found it in a Gauntlet)

   [amulet of reflection]

   Reflect:   It reflects blocked missile attacks.
   Int+3:     It affects your intelligence (+3).
   SH+5:      It affects your SH (+5).
   Harm:      It increases damage dealt and taken.
 r - a +6 ring of intelligence (left hand)
 D - a ring of protection from fire
 L - a ring of ice
 P - a ring of flight
Talismans
 k - a dragon-blood talisman
 U - a storm talisman
Wands
 p - a wand of digging (4)
 T - a wand of warping (16)
Scrolls
 e - 3 scrolls of fear
 m - 7 scrolls of teleportation
 y - 3 scrolls of butterflies
 A - 2 scrolls of blinking
 C - a scroll of acquirement
 H - a scroll of poison
Potions
 d - a potion of might
 g - 2 potions of mutation
 o - 4 potions of curing
 q - 2 potions of brilliance
 s - a potion of lignification
 t - 2 potions of cancellation
 B - 2 potions of ambrosia
 E - 3 potions of degeneration {unknown}
 J - 2 potions of enlightenment
 N - a potion of magic
 O - a potion of heal wounds


   Skills:
 + Level 8.8 Fighting
 * Level 10.9 Axes
 + Level 3.2 Throwing
 + Level 6.6 Armour
 + Level 5.8 Dodging
 + Level 6.6 Shields
 + Level 2.0 Hexes


You had 7 spell levels left.
You knew the following spells:

 Your Spells              Type           Power      Damage    Failure   Level
a - Tukima's Dance        Hex            4%         N/A       88%         3

Your spell library contained the following spells:

 Spells                   Type           Power      Damage    Failure   Level
 Jinxbite                 Hex            8%         N/A       67%         2
 Apportation              Tloc           0%         N/A       82%         1
 Sting                    Conj/Alch      0%         1d3       82%         1
 Lesser Beckoning         Tloc           0%         N/A       91%         2
 Mercury Vapours          Alch/Air       0%         N/A       91%         2
 Maxwell's Portable Pile  Tloc           0%         2d(5-13)  99%         3
 Teleport Other           Tloc           0%         N/A       99%         3
 Volatile Blastmotes      Fire/Tloc      0%         2d10      99%         3
 Fulminant Prism          Conj/Alch      0%         3d5       100%        4
 Iskenderun's Mystic Bla Conj/Tloc 0%             2d3        (+2d1     100%        4
 Olgreb's Toxic Radiance  Alch           0%         N/A       100%        4
 Passage of Golubria      Tloc           0%         N/A       100%        4
 Alistair's Intoxication  Alch           0%         N/A       100%        5
 Yara's Violent Unravell  Hex/Alch       1%         3d3       100%        5


Dungeon Overview and Level Annotations

Branches:
Dungeon (11/15)            Temple (0/1) D:5            Lair (1/5) D:10
Gauntlet (1/1)
    Orc: D:9-12

Annotations:
D:3 Jessica Gauntlet 10 transporters


Innate Abilities, Weirdness & Mutations

You have an increased reservoir of magic. (+10% MP)
You shall have no god before yourself.
Your divine heritage dramatically boosts your attributes as you level up.
You possess an exceptional clarity of mind.
You are covered in fur. (AC +1)


Message History

The minotaur hits you with a +0 long sword of protection!!
The minotaur closely misses you.
You hit the minotaur but do no damage.
The minotaur is lightly wounded.
You hit the minotaur but do no damage.
The minotaur is moderately wounded.
The minotaur hits you with a +0 long sword of protection!!
You block the minotaur's attack.
Your +0 hand axe of venom begins to drip with poison!
b - a +0 hand axe of venom (weapon)
You hit the minotaur but do no damage.
The minotaur looks as sick as possible!
The minotaur is moderately wounded.
The minotaur is no longer moving slowly.
The minotaur throws a javelin.
The javelin pierces through you!!
You feel much better.
Okay, then.
You feel very mighty all of a sudden.
Your +0 hand axe of venom stops dripping with poison.
a - a +0 war axe (weapon)
You slash the minotaur!
The minotaur is moderately wounded.
The minotaur hits you with a +0 long sword of protection!!
The minotaur gores you.
You slash the minotaur!
The minotaur is heavily wounded.
The minotaur closely misses you. The minotaur barely misses you.
You slash the minotaur!
The minotaur is severely wounded.
You hit the minotaur.
The minotaur is almost dead.
The minotaur hits you with a +0 long sword of protection!!
* * * LOW HITPOINT WARNING * * *
The minotaur gores you!
* * * LOW HITPOINT WARNING * * *
You closely miss the minotaur.
The minotaur furiously retaliates!
The minotaur headbutts you.
* * * LOW HITPOINT WARNING * * *
The minotaur is almost dead.
The minotaur hits you with a +0 long sword of protection!
You die...

###........#©#.......#©#....§.§.
#≈.......#.#..≈∩≈..#.#.....§.§
##########.#########.#########
#ß# #≈...............≈# #ß ###
#ß.ß.ß.ß.ß.ß.ß.ß.ß# ##
#≈...............≈#
###.##.##.##.##.###
##.##.##.##.##.#
#.....@H.((..... #.##.##.##.##.#
#. #. #.# .. ... #.# .#'# #. #.
.# .. .. .# .# .#


You could see a minotaur (extremely poisoned).

Vanquished Creatures
  A dire elephant (Gauntlet)
  Fannar (D:10)
  Erica (D:10)
  Maurice (D:8)
  2 cyclopes
  2 elephants (Gauntlet)
  A cane toad (Lair:1)
  Jeremiah (D:8)
  A tengu conjurer (Gauntlet)
  A hornet (D:6)
  7 yaks
  3 wyverns
  A basilisk (D:9)
  3 steam dragons
  4 vampire mosquitoes
  8 water moccasins
  A swamp worm (Gauntlet)
  A sky beast (D:8)
  2 ice beasts
  5 orc warriors
  5 black bears
  5 centaurs
  2 ogres (D:5)
  A phantom (D:5)
  4 bullfrogs
  4 kobold brigands
  3 gnoll sergeants
  10 scorpions
  9 wights
  5 killer bees (D:11)
  5 howler monkeys
  A bombardier beetle (D:7)
  2 jellies
  9 orc priests
  5 hounds
  4 iguanas
  4 hell rats
  10 orc wizards
  15 gnolls
  16 adders
  A white imp (D:6)
  4 ufetubi
  5 dart slugs
  36 orcs
  5 ball pythons
  2 bats
  8 endoplasms
  2 giant cockroaches
  5 goblins
  5 hobgoblins
  4 jackals (D:4)
  A quokka (D:1)
  3 frilled lizards
  9 kobolds
  5 rats
261 creatures vanquished.

Notes
Turn   | Place    | Note
-------+----------+-------------------------------------------
     0 | D:1      | packetloss the Demigod Fighter began the quest for the Orb.
     0 | D:1      | Reached XP level 1. HP: 18/18 MP: 3/3
   111 | D:1      | Reached skill level 2 in Axes
   466 | D:1      | Reached XP level 2. HP: 24/25 MP: 4/4
   868 | D:2      | Reached skill level 3 in Axes
   999 | D:2      | Reached XP level 3. HP: 28/30 MP: 5/5
  1756 | D:3      | Reached skill level 4 in Axes
  1756 | D:3      | Reached XP level 4. HP: 33/37 MP: 6/6
  2475 | D:3      | Reached skill level 5 in Axes
  2581 | D:3      | Noticed Jessica
  2715 | D:3      | Reached XP level 5. HP: 42/42 MP: 7/7
  4021 | D:5      | Entered Level 5 of the Dungeon
  4034 | D:5      | Noticed an ogre
  4113 | D:5      | Reached skill level 6 in Axes
  4127 | D:5      | Reached XP level 6. HP: 49/50 MP: 8/8
  4147 | D:5      | Noticed a water moccasin
  4162 | D:5      | HP: 5/50 [acid (9)]
  4164 | D:5      | Gained mutation: You possess an exceptional clarity of
                  | mind. [potion of mutation]
  4164 | D:5      | Gained mutation: You are covered in fur. (AC +1) [potion of
                  | mutation]
  4291 | D:5      | Reached skill level 3 in Fighting
  4904 | D:5      | Reached skill level 4 in Fighting
  4904 | D:5      | Reached XP level 7. HP: 31/59 MP: 9/9
  5097 | D:5      | Reached skill level 7 in Axes
  5147 | D:5      | Found a staircase to the Ecumenical Temple.
  5243 | D:5      | HP: 15/60 [poisoned by a scorpion]
  5407 | D:5      | Reached skill level 5 in Fighting
  5529 | D:5      | HP: 15/61 [poisoned by a water moccasin]
  5955 | D:5      | Reached XP level 8. HP: 69/69 MP: 10/10
  6119 | D:6      | Reached skill level 8 in Axes
  6236 | D:6      | Reached skill level 6 in Fighting
  6446 | D:6      | Reached skill level 3 in Armour
  6446 | D:6      | Reached skill level 1 in Dodging
  6446 | D:6      | Reached skill level 3 in Shields
  6732 | D:6      | Noticed a hornet
  6799 | D:6      | HP: 15/71 [poisoned by a gnoll sergeant]
  6804 | D:6      | HP: 14/71 [poisoned by a gnoll sergeant]
  6809 | D:6      | HP: 9/71 [poisoned by a gnoll sergeant]
  7281 | D:6      | Reached skill level 2 in Dodging
  7606 | D:6      | Reached XP level 9. HP: 29/78 MP: 11/11
  8400 | D:7      | Reached skill level 4 in Armour
  8400 | D:7      | Reached skill level 4 in Shields
  8421 | D:7      | Reached skill level 7 in Fighting
  8656 | D:7      | Reached skill level 3 in Dodging
  8788 | D:7      | Reached skill level 9 in Axes
  9243 | D:8      | You fall into a shaft and drop 3 floors!
  9466 | D:11     | HP: 17/79 [killer bee (5)]
  9471 | D:11     | HP: 13/79 [poisoned by a killer bee]
  9692 | D:11     | Noticed a kobold demonologist
  9704 | D:10     | Entered Level 10 of the Dungeon
  9743 | D:10     | Noticed Erica
  9762 | D:10     | Killed Erica
  9763 | D:10     | Reached skill level 5 in Armour
  9763 | D:10     | Reached skill level 4 in Dodging
  9763 | D:10     | Reached skill level 5 in Shields
  9763 | D:10     | Reached XP level 10. HP: 70/86 MP: 13/13
 10337 | D:10     | Noticed Fannar
 10356 | D:10     | Killed Fannar
 10822 | D:10     | Found a staircase to the Lair.
 10865 | D:10     | Reached skill level 8 in Fighting
 10930 | D:10     | Noticed a cyclops
 10943 | D:10     | HP: 17/88 [cyclops (8)]
 10944 | D:10     | Killed a cyclops
 10947 | D:10     | Reached skill level 1 in Throwing
 11249 | D:10     | Reached skill level 10 in Axes
 11597 | D:9      | Reached skill level 5 in Dodging
 11846 | D:9      | Noticed a cyclops
 12316 | D:8      | Noticed Jeremiah
 12358 | D:8      | Reached skill level 6 in Shields
 12392 | D:8      | Reached skill level 6 in Armour
 12460 | D:8      | Noticed Maurice
 12616 | D:8      | Reached skill level 2 in Throwing
 12633 | D:8      | Killed Jeremiah
 12876 | D:8      | Maurice stole a storm talisman
 12881 | D:8      | Maurice stole an orb of energy
 12883 | D:8      | Killed Maurice
 12884 | D:8      | Reached XP level 11. HP: 67/88 MP: 14/14
 12998 | D:8      | Learned a level 3 spell: Tukima's Dance
 13872 | D:9      | Reached skill level 1 in Hexes
 14868 | Lair:1   | Entered Level 1 of the Lair of Beasts
 15140 | Lair:1   | Found a gate leading to a gauntlet.
 15150 | Gauntlet | Entered a Gauntlet
 15150 | Gauntlet | Found a transporter.
 15150 | Gauntlet | Found a transporter.
 15154 | Gauntlet | Found a transporter.
 15154 | Gauntlet | Found a transporter.
 15158 | Gauntlet | Noticed a great orb of eyes
 15169 | Gauntlet | Noticed a tengu warrior
 15204 | Gauntlet | Found a transporter.
 15214 | Gauntlet | Found a transporter.
 15214 | Gauntlet | Found a transporter.
 15217 | Gauntlet | Found a transporter.
 15220 | Gauntlet | Noticed a blizzard demon
 15223 | Gauntlet | Found a transporter.
 15257 | Gauntlet | Found a transporter.
 15327 | Gauntlet | Found a transporter.
 15337 | Gauntlet | Found a transporter.
 15342 | Gauntlet | Noticed a dire elephant
 15351 | Gauntlet | Found a transporter.
 15438 | Gauntlet | Found a transporter.
 15454 | Gauntlet | Found a transporter.
 15475 | Gauntlet | Found a transporter.
 15628 | Gauntlet | Identified a scroll of acquirement
 15914 | Gauntlet | Identified the ring of Hal Laih {Fly rN+ Int-4 Dex+6}
 16073 | Gauntlet | Reached skill level 3 in Throwing
 16188 | Gauntlet | Killed a dire elephant
 16215 | Gauntlet | Reached skill level 2 in Hexes
 16221 | Gauntlet | Identified the amulet of Qywn {Reflect Harm Int+3 SH+5}
 16395 | Gauntlet | Noticed a minotaur
 16424 | Gauntlet | HP: 15/95 [minotaur/+0 long sword of protection (21)]
 16424 | Gauntlet | HP: 7/95 [minotaur/+0 long sword of protection (8)]
 16425 | Gauntlet | HP: 1/95 [minotaur's headbutt (6)]
 16425 | Gauntlet | Mangled by a minotaur

Illustrated notes

Levels and vault maps discovered:
D:1:      mrwooster_arrival_arrow, layout_loops_ring,
          shapermc_ecumenical_altar_pompeii, hangedman_decor_clover_reticule
D:2:      layout_basic
D:3:      layout_basic, tgw_sif
D:4:      layout_basic, kennysheep_mini_moat
D:5:      layout_rooms, minmay_temple_entry_junction
D:6:      cheibrodos_fzero, layout_loops_corners, minmay_misc_feat_four_crosses,
          kennysheep_generic_room_16
D:7:      layout_rooms
D:8:      layout_cave_pods, uniq_jeremiah, uniq_maurice
D:9:      layout_small_grid, jmf_multi_god_temple, st_stairs_6
D:10:     layout_grid_maze, grunt_gozag_statues, due_lair_maze_entry_diamond,
          uniq_erica, uniq_fannar
D:11:     layout_big_octagon, minmay_beelzebubs_servants
Lair:1:   layout_misc_corridors, gauntlet_entry_generic
Gauntlet: gammafunk_gauntlet_branching [nicolae_gauntlet_arena_grate_2,
          gammafunk_gauntlet_arena_split_x, gammafunk_gauntlet_arena_chambers,
          nicolae_gauntlet_arena_t_cross, gammafunk_gauntlet_arena_corners,
          gammafunk_gauntlet_arena_spirals,
          gammafunk_gauntlet_arena_split_diamond,
          gammafunk_gauntlet_arena_arrow_garden, gauntlet_exit_green]

Skill      XL: |  1  2  3  4  5  6  7  8  9 10 11 |
---------------+----------------------------------+-----
Axes           | 2 3 4 5 6 7 8 9 10 | 10.9
Fighting       | 4 5 6 7 8 |  8.8
Armour         | 3 5 6 |  6.6
Dodging        | 2 4 5 |  5.8
Shields        | 3 5 6 |  6.6
Throwing       | 2 3 |  3.2
Hexes          | 2 |  2.0

Action                     |  1- 3 |  4- 6 |  7- 9 | 10-12 || total
---------------------------+-------+-------+-------+-------++-------
  Melee: War axe           |   101 |   179 |   112 |   105 ||   497
         Hand axe          |       |       |   297 |   426 ||   723
  Throw: Stone             |     5 |    19 |       |       ||    24
         Boomerang         |       |       |     3 |       ||     3
         Dart              |       |       |     2 |    11 ||    13
         Throwing net      |       |       |     1 |       ||     1
    Use: Scroll            |       |     6 |     3 |     7 ||    16
         Potion            |       |     4 |     2 |     4 ||    10
 Armour: Scale mail        |    85 |    99 |       |       ||   184
         Chain mail        |       |    50 |   336 |   414 ||   800
  Dodge: Dodged            |    33 |    70 |   155 |   203 ||   461
  Block: Buckler           |    19 |    48 |    75 |   120 ||   262

Table legend: (Time is in decaauts)
 A = Elapsed time spent in this place.
 B = Non-inter-level travel time spent in this place.
 C = Inter-level travel time spent in this place.
 D = Time resting spent in this place.
 E = Time spent auto-exploring this place.
 F = Levels seen in this place.
 G = Mean time per level.
                   A        B        C        D        E       F      G
               +--------+--------+--------+--------+--------+-----+--------+
         Total |  16406 |  15741 |    665 |   5449 |   5127 |  13 | 1262.0 |
       Dungeon |  15022 |  14357 |    665 |   5088 |   4795 |  11 | 1365.6 |
          Lair |    147 |    147 |      0 |      0 |      0 |   1 |  147.0 |
      Gauntlet |   1237 |   1237 |      0 |    361 |    332 |   1 | 1237.0 |
               +--------+--------+--------+--------+--------+-----+--------+

Top non-repeatable levels by time:
    D:10: 2632 daAuts
     D:6: 2453 daAuts
     D:4: 1994 daAuts
     D:5: 1463 daAuts
     D:9: 1296 daAuts
Gauntlet: 1237 daAuts
     D:8: 1205 daAuts
     D:2: 980 daAuts
     D:3: 892 daAuts
     D:1: 854 daAuts
     D:7: 770 daAuts
    D:11: 479 daAuts
  Lair:1: 147 daAuts
